 Dungeon Crawl Stone Soup version 0.23.2-1-ga50397a (webtiles) character file.

Game seed: 4798175429429802261

438 teukkam the Skirmisher (level 6, -1/61 HPs)
             Began as a Minotaur Fighter on Apr 18, 2019.
             Slain by an adder (3 damage)
             ... on level 7 of the Dungeon.
             The game lasted 00:09:13 (2281 turns).

teukkam the Skirmisher (Minotaur Fighter)           Turns: 2281, Time: 00:09:13

Health: -1/61      AC: 10    Str: 23    XL:     6   Next: 69%
Magic:  5/5        EV:  6    Int:  5    God:
Gold:   189        SH: 10    Dex:  9    Spells: 5/5 levels left

rFire    . . .     SeeInvis .   a - +0 war axe
rCold    . . .     Gourm    .   c - +0 shield
rNeg     . . .     Faith    .   d - +1 chain mail
rPois    +         Spirit   .   (helmet restricted)
rElec    .         Reflect  .   (no cloak)
rCorr    .         Harm     .   (no gloves)
MR       .....                  (no boots)
Stlth    ..........             (no amulet)
HPRegen  0.20/turn              j - ring of poison resistance
MPRegen  0.09/turn              (no ring)

@: no status effects
A: retaliatory headbutt, horns 2, robust 1, MP-powered wands
a: no special abilities


You were on level 7 of the Dungeon.
You were hungry.

You visited 1 branch of the dungeon, and saw 7 of its levels.

You collected 189 gold pieces.

Inventory:

Hand Weapons
 a - a +0 war axe (weapon)
 b - a +0 hunting sling
Missiles
 n - 146 stones
 r - 4 tomahawks (quivered)
Armour
 c - a +0 shield (worn)
 d - a +1 chain mail (worn)
Jewellery
 j - a ring of poison resistance (left hand)
Scrolls
 h - a scroll of enchant armour
 l - 2 scrolls of identify
Potions
 p - a potion of mutation
 q - a potion of flight
Comestibles
 f - 8 rations
 t - 4 chunks of flesh


   Skills:
 + Level 5.3 Fighting
 + Level 4.6 Axes
 + Level 2.1 Slings
 + Level 5.3 Armour
 + Level 5.3 Shields


You had 5 spell levels left.
You didn't know any spells.
Your spell library contained the following spells:

 Spells                   Type           Power        Failure   Level  Hunger
 Beastly Appendage        Tmut           #.....       100%        1    ##.....
 Sticks to Snakes         Tmut           #.......     100%        2    ###....
 Spider Form              Tmut/Pois      #.........   100%        3    ####...
 Ice Form                 Ice/Tmut       #.......     100%        4    #####..
 Blade Hands              Tmut           #.........   100%        5    ######.


Dungeon Overview and Level Annotations

Branches:
Dungeon (7/15)             Temple (0/1) D:6

Altars:
Elyvilon
Kikubaaqudgha
Makhleb
Uskayaw

Annotations:
D:5 Grinder
D:6 Sigmund


Innate Abilities, Weirdness & Mutations

You reflexively headbutt those who attack you in melee.
You have a pair of horns on your head.
You are robust. (+10% HP)
You expend magic power (3 MP) to strengthen your wands.


Message History

Unknown command.
You barely miss the orc. You barely miss the hound.
The hound completely misses you. The hound barely misses you.
The adder bites you.
* * * LOW HITPOINT WARNING * * *
The orc hits you with a +0 flail.
* * * LOW HITPOINT WARNING * * *
Unknown command.
You closely miss the orc. You headbutt the orc.
The orc is moderately wounded.
You miss the hound. You closely miss the adder. The hound barely misses you.
You furiously retaliate!
You headbutt the hound! The adder bites you.
* * * LOW HITPOINT WARNING * * *
You block the hound's attack. You block the orc's attack.
Unknown command.
Okay, then.
You closely miss the orc. You headbutt the orc.
You kill the orc!
You barely miss the adder. You barely miss the hound. The adder bites you.
You die...

#..........#
#.......($.#
#>(.........
#..........#
#.....(....#
#..........#
#o.........#
#S).........
#@ho.......#
########.###
#


You could see a hound, an adder and 2 orcs.

Vanquished Creatures
  An ogre (D:2)
  A scorpion (D:4)
  A howler monkey (D:3)
  A crimson imp (D:2)
  An orc priest (D:4)
  A hound (D:3)
  2 orc wizards
  A worker ant (D:6)
  4 adders
  A worm (D:4)
  6 orcs
  2 giant cockroaches (D:2)
  2 goblins
  3 hobgoblins
  8 jackals
  6 kobolds
  2 quokkas (D:2)
  5 bats
  4 frilled lizards
  A leopard gecko skeleton (D:4)
  A leopard gecko zombie (D:3)
  3 rats
57 creatures vanquished.

Vanquished Creatures (others)
  An adder (D:5)
1 creature vanquished.

Grand Total: 58 creatures vanquished

Notes
Turn   | Place    | Note
-------+----------+-------------------------------------------
     0 | D:1      | teukkam the Minotaur Fighter began the quest for the Orb.
     0 | D:1      | Reached XP level 1. HP: 19/19 MP: 0/0
   222 | D:2      | Found a hide-covered altar of Uskayaw.
   290 | D:2      | Noticed an ogre
   330 | D:2      | Reached XP level 2. HP: 6/27 MP: 1/1
   342 | D:2      | Killed an ogre
   342 | D:2      | Reached XP level 3. HP: 6/34 MP: 2/2
   342 | D:2      | Reached XP level 4. HP: 8/41 MP: 3/3
   703 | D:2      | Reached XP level 5. HP: 47/47 MP: 4/4
   927 | D:3      | Found a burning altar of Makhleb.
  1131 | D:3      | Reached skill level 1 in Slings
  1218 | D:3      | Reached skill level 5 in Armour
  1221 | D:3      | Reached skill level 5 in Fighting
  1221 | D:3      | Reached skill level 5 in Shields
  1221 | D:3      | Reached XP level 6. HP: 56/56 MP: 5/5
  1242 | D:3      | Found an ancient bone altar of Kikubaaqudgha.
  1265 | D:5      | Entered Level 5 of the Dungeon
  1293 | D:4      | Gained mutation: You are robust. (+10% HP) [potion of
                  | mutation]
  1293 | D:4      | Gained mutation: You expend magic power (3 MP) to
                  | strengthen your wands. [potion of mutation]
  2021 | D:5      | Found a white marble altar of Elyvilon.
  2087 | D:5      | Noticed Grinder
  2095 | D:5      | Paralysed by Grinder for 4 turns
  2193 | D:6      | Noticed Sigmund
  2227 | D:6      | Found a staircase to the Ecumenical Temple.
  2230 | D:6      | Noticed a wraith
  2279 | D:7      | HP: 3/61 [orc/+0 flail (2)]
  2281 | D:7      | Slain by an adder

Skill      XL: |  1  2  3  4  5  6 |
---------------+-------------------+-----
Fighting       | 4 5 |  5.3
Axes           | 3 4 |  4.6
Armour         | 4 5 |  5.3
Shields        | 4 5 |  5.3
Slings         | 1 2 |  2.1

Action                   |  1- 3 |  4- 6 || total
-------------------------+-------+-------++-------
Melee: War axe           |    35 |   150 ||   185
       Headbutt          |     3 |    21 ||    24
 Fire: Hunting sling     |       |     4 ||     4
Throw: Stone             |       |     1 ||     1
       Throwing net      |       |     1 ||     1
       Tomahawk          |       |     1 ||     1
  Use: Potion            |     2 |     2 ||     4
       Scroll            |       |     8 ||     8
  Eat: Chunk             |       |     4 ||     4
Armor: Scale mail        |    14 |    37 ||    51
       Chain mail        |       |    41 ||    41
Dodge: Dodged            |    10 |    46 ||    56
Block: Shield            |    17 |    93 ||   110
